 Dungeon Crawl Stone Soup version 0.26-a0-30-g56b8cd3df0 (webtiles) character file.

Game seed: 5249629391031730872, levelgen mode: deterministic

1292 Hasart the Conjurer (level 8, 0/46 HPs)
             Began as an Octopode Wizard on June 3, 2020.
             Slain by an orc warrior
             ... wielding a +0 short sword
              (6 damage)
             ... on level 6 of the Dungeon.
             The game lasted 00:16:41 (8557 turns).

Hasart the Conjurer (Octopode Wizard)               Turns: 8557, Time: 00:16:42

Health: 0/46       AC:  3    Str:  6    XL:     8   Next: 56%
Magic:  2/14       EV: 14    Int: 23    God:
Gold:   220        SH:  0    Dex: 10    Spells: 8/16 levels left

rFire    . . .     SeeInvis .   u - +1 rapier (venom)
rCold    . . .     Gourm    .   (no shield)
rNeg     . . .     Faith    .   a - +2 hat
rPois    .         Spirit   .   (no amulet)
rElec    .         Reflect  .   (no ring)
rCorr    .         Harm     .   (no ring)
MR       .....                  (no ring)
Stlth    +++.......             (no ring)
HPRegen  0.15/turn              (no ring)
MPRegen  0.14/turn              (no ring)
                                (no ring)
                                (no ring)

@: no status effects
A: almost no armour, stealthy swim, amphibious, 8 rings, constrict 8, camouflage
1, gelatinous body 1
a: no special abilities


You were on level 6 of the Dungeon.
You were not hungry.

You visited 1 branch of the dungeon, and saw 6 of its levels.

You collected 220 gold pieces.

Inventory:

Hand Weapons
 h - a +0 trident
 u - a +1 rapier of venom (weapon)
Missiles
 n - 24 poisoned darts (quivered)
Armour
 a - a +2 hat (worn)
Wands
 e - a wand of acid (5)
 v - a wand of polymorph (17)
Scrolls
 b - 2 scrolls of remove curse
 d - 10 scrolls of identify
 i - a scroll of amnesia
 m - 2 scrolls of magic mapping
 o - a scroll of teleportation
 r - 2 scrolls of enchant armour
Potions
 f - a potion of curing
 g - a potion of cancellation {unknown}
 j - a potion of heal wounds {unknown}
 k - 4 potions of flight {unknown}
 l - 2 potions of brilliance {unknown}
 q - 2 potions of haste {unknown}
 s - a potion of invisibility {unknown}
 w - a potion of might {unknown}
 x - a potion of magic {unknown}
Comestibles
 c - 9 rations
 p - 5 chunks of flesh


   Skills:
 + Level 3.9 Dodging
 - Level 2.6 Stealth
 + Level 4.5 Spellcasting
 * Level 5.1 Conjurations
 + Level 3.5 Summonings
 + Level 3.3 Translocations
 + Level 3.1 Air Magic
 + Level 3.5 Poison Magic
 + Level 0.8 Evocations


You had 8 spell levels left.
You knew the following spells:

 Your Spells              Type           Power        Failure   Level  Hunger
a - Magic Dart            Conj           ####         1%          1    None
b - Call Imp              Summ           ###.....     3%          2    None
c - Blink                 Tloc           N/A          3%          2    None
d - Mephitic Cloud        Conj/Pois/Air  ###.....     6%          3    ##.....

Your spell library contained the following spells:

 Spells                   Type           Power        Failure   Level  Hunger
 Conjure Flame            Conj/Fire      ###.....     11%         3    ##.....
 Slow                     Hex            #.......     16%         2    None


Dungeon Overview and Level Annotations

Branches:
Dungeon (6/15)
 Temple: D:4-7

Altars:
Hepliaklqana
Ru

Shops:
D:4 [


Innate Abilities, Weirdness & Mutations

You cannot wear most types of armour.
You are very stealthy in the water. (Stealth+)
You are amphibious.
You can wear up to eight rings at the same time.
You can use your tentacles to constrict eight enemies at once.
Your skin changes colour to match your surroundings (Stealth+).
Your rubbery body absorbs attacks. (AC +1, EV +1)


Message History

Unknown command.
You barely miss the orc warrior. You grab the orc warrior.
You squeeze the orc warrior, but do no damage.
You constrict the orc warrior, but do no damage.
The orc warrior hits you with a +0 short sword!!
Your crimson imp hits the orc warrior but does no damage.
You release your grip on the orc warrior.
Your crimson imp hits the orc warrior.
There is a stone staircase leading up here.
You barely miss the orc warrior. You grab the orc warrior.
The orc warrior is lightly wounded.
You constrict the orc warrior, but do no damage.
The orc warrior struggles to escape constriction.
Your crimson imp hits the orc warrior but does no damage.
The orc warrior hits you with a +0 short sword!
* * * LOW HITPOINT WARNING * * *
You release your grip on the orc warrior.
Your crimson imp hits the orc warrior.
The orc misses you.
The orc warrior hits you with a +0 short sword.
You die...

##. ...#
###.).
..........
........###
#......#.###
##.##..°...#
##....5.....#
#....oo....#
#....@.##...#
###..### ##
#÷## ###


You could see an orc warrior (confused), an orc and a friendly crimson imp
(summoned).

Vanquished Creatures
  Eustachio (D:4)
  An orc warrior (D:5)
  A phantom (D:5)
  An ogre (D:3)
  2 scorpions
  A crimson imp (D:5)
  2 bullfrog zombies (D:5)
  2 hounds
  5 orc priests
  5 orc wizards
  A bullfrog skeleton (D:5)
  An iguana (D:6)
  Natasha (thrice) (D:3)
  A worker ant (D:5)
  A hound skeleton (D:5)
  6 adders
  2 gnolls
  4 oozes
  An adder skeleton (D:5)
  3 worms (D:2)
  3 dart slugs
  3 leopard geckos
  24 orcs
  A ball python (D:2)
  3 giant cockroaches
  3 goblins
  7 hobgoblins
  9 jackals
  A quokka (D:3)
  A ball python zombie (D:5)
  3 bats
  6 frilled lizards
  A giant cockroach zombie (D:5)
  7 kobolds
  A leopard gecko zombie (D:5)
  5 rats
122 creatures vanquished.

Vanquished Creatures (collateral kills)
  Terence (D:2)
1 creature vanquished.

Grand Total: 123 creatures vanquished

Notes
Turn   | Place    | Note
-------+----------+-------------------------------------------
     0 | D:1      | Hasart the Octopode Wizard began the quest for the Orb.
     0 | D:1      | Reached XP level 1. HP: 11/11 MP: 4/4
   553 | D:1      | Reached XP level 2. HP: 16/17 MP: 0/6
   714 | D:1      | Learned a level 2 spell: Call Imp
   717 | D:1      | Learned a level 2 spell: Blink
  1324 | D:1      | Reached XP level 3. HP: 12/21 MP: 1/7
  1520 | D:1      | Reached skill level 2 in Conjurations
  1978 | D:2      | Noticed Terence
  2005 | D:1      | Learned a level 3 spell: Mephitic Cloud
  2229 | D:2      | Killed Terence
  2229 | D:2      | Reached XP level 4. HP: 17/27 MP: 2/9
  3210 | D:2      | Found a sacrificial altar of Ru.
  3648 | D:3      | Noticed an ogre
  3660 | D:3      | Killed an ogre
  3660 | D:3      | Reached skill level 1 in Air Magic
  3660 | D:3      | Reached skill level 1 in Poison Magic
  3660 | D:3      | Reached XP level 5. HP: 12/31 MP: 0/10
  3854 | D:3      | Found a hazy altar of Hepliaklqana.
  4083 | D:3      | Noticed Natasha
  4098 | D:3      | Killed Natasha
  4098 | D:3      | Reached skill level 3 in Conjurations
  4400 | D:3      | Reached XP level 6. HP: 10/36 MP: 2/11
  5631 | D:3      | Noticed Natasha
  5640 | D:3      | Killed Natasha
  5683 | D:3      | Noticed Natasha
  5689 | D:3      | Killed Natasha
  5689 | D:3      | Reached XP level 7. HP: 36/41 MP: 12/12
  5983 | D:4      | Noticed Eustachio
  6000 | D:4      | Killed Eustachio
  6000 | D:4      | Reached skill level 4 in Conjurations
  6772 | D:4      | Found Olaopiv's Armour Emporium.
  6944 | D:5      | Entered Level 5 of the Dungeon
  7435 | D:5      | Reached XP level 8. HP: 11/46 MP: 3/14
  7923 | D:5      | Reached skill level 5 in Conjurations
  8557 | D:6      | Slain by an orc warrior

Illustrated notes

Levels and vault maps discovered:
D:1:      dpeg_arrival_lava_temple_mockup, layout_basic
D:2:      layout_basic, nicolae_ru_path_of_blood, uniq_terence
D:3:      cheibrodos_pilgrimage, layout_loops_ring, lemuel_doored_altar,
          uniq_natasha
D:4:      layout_loops_cross, serial_shops, kennysheep_little_box,
          chequers_avenue, uniq_eustachio
D:5:      layout_rooms, first_ration
D:6:      layout_cave_pools, minmay_temple_entry_offerings

Skill      XL: |  1  2  3  4  5  6  7  8 |
---------------+-------------------------+-----
Conjurations   | 2 3 4 5 |  5.1
Air Magic      | 1 2 3 |  3.1
Poison Magic   | 1 2 3 |  3.5
Summonings     | 2 3 |  3.5
Translocations | 2 3 |  3.3
Dodging        | 3 |  3.9
Spellcasting   | 4 |  4.5
Stealth        | |  2.6
Evocations     | |  0.8

Action                   |  1- 3 |  4- 6 |  7- 9 || total
-------------------------+-------+-------+-------++-------
Melee: Unarmed           |     6 |       |       ||     6
       Club              |    29 |       |       ||    29
       Constrict         |    11 |    14 |    18 ||    43
       Tentacles         |     1 |     9 |    18 ||    28
       Trident           |       |    24 |       ||    24
       Dagger            |       |    23 |    13 ||    36
       Rapier            |       |       |    87 ||    87
 Cast: Magic Dart        |    75 |   122 |    91 ||   288
       Call Imp          |     4 |     3 |    10 ||    17
       Mephitic Cloud    |       |     5 |     9 ||    14
       Blink             |       |     1 |       ||     1
  Use: Scroll            |       |       |    10 ||    10
 Stab: Distracted        |       |     1 |       ||     1
       Confused          |       |       |     1 ||     1
       Sleeping          |       |       |     1 ||     1
  Eat: Chunk             |     4 |     8 |     9 ||    21
       Ration            |       |     1 |       ||     1
Armor: Skin              |     4 |     2 |    11 ||    17
Dodge: Dodged            |    34 |    25 |    75 ||   134

Table legend:
 A = Non-vault XP
 B = Vault XP
 C = Vault XP percentage of total XP
 D = Non-vault monster count
 E = Vault monster count
 F = Vault count percentage of total count
                 A         B        C        D         E       F
            +---------+---------+-------+---------+---------+-------
      Total |    1511 |     335 |  18.1 |     114 |       9 |   7.3
            +---------+---------+-------+---------+---------+-------
        D:1 |      56 |       0 |   0.0 |      24 |       0 |   0.0
        D:2 |      67 |      18 |  21.2 |      16 |       1 |   5.9
        D:3 |     356 |     129 |  26.6 |      24 |       7 |  22.6
        D:4 |     203 |     188 |  48.1 |      16 |       1 |   5.9
        D:5 |     787 |       0 |   0.0 |      32 |       0 |   0.0
        D:6 |      42 |       0 |   0.0 |       2 |       0 |   0.0
            +---------+---------+-------+---------+---------+-------
